 Dungeon Crawl Stone Soup version 0.27-a0-951-gae3e1deef5 (webtiles) character file.

Game seed: 10145387647681750699

89090 gruber the Brawler (level 15, 0/146 HPs)
             Began as a Troll Fighter on Apr 11, 2021.
             Was an Initiate of Gozag.
             Slain by a merfolk
             ... wielding a +0 trident
              (27 damage)
             ... on level 1 of the Shoals.
             The game lasted 00:34:51 (22189 turns).

gruber the Brawler (Troll Fighter)                 Turns: 22189, Time: 00:34:51

Health: 0/146      AC:  8    Str: 29    XL:     15   Next: 48%
Magic:  14/14      EV: 16    Int:  4    God:    Gozag
Gold:   859        SH: 20    Dex: 13    Spells: 14/14 levels left

rFire    + . .     SeeInvis +     - Unarmed
rCold    + + +     Faith    .   b - +0 tower shield
rNeg     . . .     Spirit   .   v - +4 skin of Zhor {*Englaciate rC+++ SInv}
rPois    .         Reflect  .   P - +0 hat {Will+}
rElec    .         Harm     .   e - scarf {rC+ rF+}
rCorr    .         Rampage  .   (gloves unavailable)
Will     +++..                  (boots unavailable)
Stlth    +.........             z - amulet of regeneration
HPRegen  2.34/turn              k - ring of willpower
MPRegen  0.14/turn              B - +4 ring of evasion

@: studying Maces & Flails
A: large, unfitting armour, claws 3, regeneration 1, shaggy fur 1, tough skin 1
a: Renounce Religion, Potion Petition, Call Merchant, Bribe Branch


You were on level 1 of the Shoals.
You worshipped Gozag.
Gozag was pleased with you.
You visited 4 branches of the dungeon, and saw 23 of its levels.
You also visited: Sewer.

You collected 5729 gold pieces.
You spent 1529 gold pieces at shops.
You paid 3341 gold pieces to Gozag.

Inventory:

Hand Weapons
 D - the +7 flail "Gan Jiw" {freeze, Str+4 SInv}
   (You found it on level 15 of the Dungeon)

   It has been specially enchanted to freeze those struck by it, causing extra
   injury to most foes and up to half again as much damage against particularly
   susceptible opponents.
   It can also slow down cold-blooded creatures.
   It affects your strength (+4).
   It lets you see invisible.
 Q - a +3 scimitar of flaming
Missiles
 h - 8 atropa-tipped darts
 y - a throwing net
 C - 2 javelins
 S - 3 silver javelins (quivered)
 Z - 7 curare-tipped darts
Armour
 b - a +0 tower shield (worn)
 e - a scarf of resistance (worn)
 v - the +4 skin of Zhor (worn) {*Englaciate rC+++ SInv}
   (You bought it in a shop on level 15 of the Dungeon)

   It renders you almost immune to cold.
   It lets you see invisible.
 P - a +0 hat of willpower (worn)
Jewellery
 k - a ring of willpower (left claw)
 z - an amulet of regeneration (around neck)
 B - a +4 ring of evasion (right claw)
 I - a ring of positive energy
 R - a ring of fire
 U - a ring of ice
Wands
 j - a wand of charming (10)
 u - a wand of paralysis (4)
 J - a wand of iceblast (21)
 M - a wand of digging (5)
 O - a wand of acid (6)
 X - a wand of flame (13)
 Y - a wand of polymorph (21)
Scrolls
 f - 5 scrolls of amnesia {unknown}
 g - a scroll of magic mapping
 n - 5 scrolls of fear {unknown}
 o - 6 scrolls of summoning {unknown}
 p - 6 scrolls of teleportation {unknown}
 r - 5 scrolls of blinking {unknown}
 t - 2 scrolls of identify
 x - 4 scrolls of fog {unknown}
 A - 6 scrolls of torment {unknown}
 F - 2 scrolls of immolation
 G - 3 scrolls of vulnerability {unknown}
 T - a scroll of holy word
 V - 3 scrolls of noise {unknown}
Potions
 a - 4 potions of attraction
 c - 6 potions of might
 d - a potion of resistance {unknown}
 i - 7 potions of flight
 l - 6 potions of lignification
 m - 2 potions of magic
 q - 6 potions of heal wounds
 s - 7 potions of curing
 w - 2 potions of mutation
 E - 3 potions of haste
 H - 2 potions of berserk rage
 K - 2 potions of brilliance
 N - 2 potions of ambrosia
 W - a potion of cancellation
Miscellaneous
 L - a lightning rod (inert)


   Skills:
 - Level 9.0 Fighting
 - Level 0.8(0.9) Short Blades
 - Level 0.2(0.5) Long Blades
 - Level 0.2(2.2) Axes
 - Level 4.1(4.2) Maces & Flails
 - Level 0.3(0.7) Polearms
 - Level 0.8(2.5) Staves
 - Level 0.1 Bows
 - Level 0.1 Crossbows
 - Level 9.0 Throwing
 * Level 2.8 Armour
 - Level 8.3 Dodging
 - Level 12.0 Shields
 - Level 15.4 Unarmed Combat
 - Level 0.1 Conjurations
 - Level 0.2 Hexes
 - Level 0.3 Summonings
 - Level 0.2 Necromancy
 - Level 0.1 Translocations
 - Level 0.1 Transmutations
 - Level 0.1 Fire Magic
 - Level 0.1 Ice Magic
 - Level 0.1 Air Magic
 - Level 0.2 Earth Magic
 - Level 0.3 Poison Magic
 - Level 0.7 Invocations
 - Level 4.0 Evocations


You had 14 spell levels left.
You didn't know any spells.
Your spell library contained the following spells:

 Spells                   Type           Power      Damage    Failure   Level
 Corona                   Hex            0%         N/A       67%         1
 Animate Skeleton         Necr           0%         N/A       69%         1
 Foxfire                  Conj/Fire      0%         2x1d4     69%         1
 Magic Dart               Conj           0%         1d3       69%         1
 Pain                     Necr           0%         1d4       69%         1
 Sting                    Tmut/Pois      0%         1d3       69%         1
 Corpse Rot               Necr/Air       N/A        N/A       83%         2
 Ensorcelled Hibernation  Hex/Ice        0%         N/A       83%         2
 Poisonous Vapours        Pois/Air       0%         N/A       83%         2
 Searing Ray              Conj           0%         3d3       83%         2
 Confusing Touch          Hex            0%         N/A       96%         3
 Dazzling Flash           Conj/Hex       0%         N/A       96%         3
 Ignite Poison            Fire/Tmut/Pois 0%         N/A       96%         3
 Mephitic Cloud           Conj/Pois/Air  0%         N/A       96%         3
 Stone Arrow              Conj/Erth      0%         3d7       96%         3
 Tukima's Dance           Hex            0%         N/A       96%         3
 Vampiric Draining        Necr           0%         2d6       96%         3
 Animate Dead             Necr           0%         N/A       100%        4
 Cause Fear               Hex            0%         N/A       100%        4
 Fulminant Prism          Conj/Hex       0%         3d6       100%        4
 Iskenderun's Mystic Bla  Conj/Tloc      0%         2d3       100%        4
 Olgreb's Toxic Radiance  Pois           0%         N/A       100%        4
 Agony                    Necr           0%         N/A       100%        5
 Hydra Form               Tmut           0%         N/A       100%        5
 Summon Forest            Summ/Tloc      0%         N/A       100%        5
 Eringya's Noxious Bog    Tmut/Pois      0%         N/A       100%        6
 Dragon Form              Tmut           0%         N/A       100%        7
 Summon Hydra             Summ           0%         N/A       100%        7
 Dragon's Call            Summ           0%         N/A       100%        9


Dungeon Overview and Level Annotations

Branches:
Dungeon (15/15)            Temple (1/1) D:5            Lair (6/6) D:11
 Shoals (1/4) Lair:4        Snake (0/4) Lair:4        Slime (0/5) Lair:5
    Orc (0/2) D:11         Vaults (0/5) D:14         Depths (0/5) D:15
  Sewer (visited)

Altars:
Ashenzari
Cheibriados
Dithmenos
Elyvilon
Fedhas
Gozag
Hepliaklqana
Kikubaaqudgha
Makhleb
Nemelex Xobeh
Okawaru
Qazlal
Ru
Sif Muna
Trog
Uskayaw
Vehumet
Wu Jian
Xom
Yredelemnul
Zin
The Shining One
Jiyva

Shops:
D:5 [[:?:   D:8 (*   D:13 *   D:15 [[[

Portals:
Trove: D:14 (give 4 potions of resistance)

Annotations:
Lair:5 exclusion: 2 oklob plants


Innate Abilities, Weirdness & Mutations

You are too large for most types of armour.
You have claws for hands.
Your natural rate of healing is unusually fast.
You are covered in fur. (AC +1)
You have tough skin. (AC +1)


Message History

The thunderbolt hits the merfolk!!
The merfolk is heavily wounded.
The thunderbolt hits the merfolk!
The merfolk is severely wounded.
The thunderbolt hits the merfolk!
The merfolk is severely wounded.
The lightning rod overheats!
The merfolk hits you from afar with a +0 trident!
* * * LOW HITPOINT WARNING * * *
The merfolk closely misses you. The merfolk barely misses you.
Unknown command.
Unknown command.
Unknown command.
You shred the net and break free! You block the merfolk's attack. x2
The merfolk closely misses you.
Unknown command.
Unknown command.
You feel much better.
You radiate an aura of cold.
The merfolk resists.
The merfolk seems to slow down.
The merfolk resists.
The merfolk seems to slow down.
You block the merfolk's attack. The merfolk closely misses you.
The merfolk hits you but does no damage.
The merfolk is no longer moving slowly.
You block the merfolk's attack. x2
There is a large open door here.
Unknown command.
Unknown command.
You claw the merfolk!
The merfolk is almost dead.
The merfolk is no longer moving slowly.
The merfolk hits you with a +0 trident!
* * * LOW HITPOINT WARNING * * *
The merfolk hits you from afar with a +0 trident!!
* * * LOW HITPOINT WARNING * * *
The merfolk closely misses you.
Unknown command.
You feel much better.
You radiate an aura of cold.
The merfolk seems to slow down.
The merfolk resists.
The merfolk seems to slow down. x2; The merfolk is no longer moving slowly. x2
The merfolk hits you with a +0 trident!!
You die...
Your body crumbles into a pile of gold.

.#......#.
.......##.≈ ≈##
≈≈≈...##... ### ≈≈##
≈≈..#.#8...##8## ≈≈8
...[..##..##...##≈≈##
≈.....#8..#.)...#≈≈8#
≈≈≈..≈##..#.....#m≈#
≈[≈.≈≈##..'.....'m≈#
≈≈≈≈≈≈##..'.)...@m≈#
≈≈≈≈≈≈##))#.....#m≈#
≈≈≈≈≈≈#8).#.....#≈≈8#
≈≈≈≈≈≈##).##...##≈≈##
≈≈≈≈≈≈#8...##8## ≈≈8
≈≈≈≈≈≈##....### ≈≈##
≈≈≈≈≈≈.##...# ≈##
≈≈≈≈≈≈..#...# ≈#
≈≈≈≈≈≈..##..#


You could see 4 merfolk.

Vanquished Creatures
  Gastronok (Lair:1)
  A merfolk impaler (Shoals:1)
  2 rakshasas (D:15)
  A boulder beetle (D:15)
  2 catoblepae (Lair:2)
  12 hydras
  2 vault guards (D:14)
  8 centaur warriors
  A death knight (D:13)
  5 two-headed ogres
  6 death yaks (Lair:4)
  A satyr (Shoals:1)
  Urug (Lair:3)
  Sonja (Lair:6)
  A tengu warrior (D:14)
  4 skeletal warriors
  3 wizards (D:15)
  Pikel (D:6)
  A lindwurm (Lair:6)
  A necromancer (D:15)
  An oklob plant (Lair:4)
  2 deep elf pyromancers
  2 orc sorcerers (D:15)
  5 fauns (Shoals:1)
  18 ugly things
  2 cyclopes (D:14)
  4 elephants (Lair:5)
  3 manticores
  A naga mage (D:15)
  2 merfolk sirens
  2 gargoyles
  11 cane toads
  7 black mambas
  3 rime drakes
  2 unseen horrors (D:12)
  2 efreet (D:14)
  2 kobold demonologists
  4 komodo dragons
  3 trolls
  3 merfolk (Shoals:1)
  3 meliai (D:14)
  2 hornets (Lair:6)
  9 polar bears
  2 dream sheep (Lair:6)
  7 slime creatures (D:11)
  5 blink frogs
  Sigmund (D:3)
  A centaur simulacrum (D:15)
  A wraith (D:12)
  12 spriggans (Lair:6)
  A vampire (D:9)
  5 wyverns
  39 yaks
  8 humans (D:14)
  2 basilisks (Lair:6)
  7 vampire mosquitoes
  A warg (D:11)
  A steam dragon (D:9)
  Duvessa (D:6)
  18 water moccasins
  A sky beast (D:5)
  3 ice beasts (D:8)
  6 orc warriors
  A necrophage (D:6)
  An ogre (D:4)
  6 black bears
  5 boggarts (Lair:6)
  A hornet zombie (D:7)
  20 wolves (Lair:6)
  7 centaurs
  A phantom (D:5)
  2 lemures (D:6)
  3 kobold brigands (D:13)
  5 bullfrogs
  A scorpion (D:7)
  2 wyvern zombies
  A wyvern skeleton (D:7)
  Dowan (D:6)
  6 killer bees (D:9)
  5 wights (D:7)
  An electric eel (Lair:6)
  5 howler monkeys (D:10)
  3 hounds
  3 jellies
  10 centaur zombies
  10 orc priests
  Terence (D:2)
  6 iguanas
  3 centaur skeletons
  13 orc wizards
  3 killer bee zombies (D:7)
  A hound zombie (D:5)
  A howler monkey zombie (D:11)
  3 gnolls (D:3)
  15 adders
  A white imp (D:7)
  An ufetubus (D:5)
  An adder skeleton (D:4)
  2 worms
  2 dart slugs
  49 orcs
  6 bats
  6 endoplasms
  5 giant cockroaches
  5 goblins
  3 hobgoblins
  2 quokkas
  9 ball pythons
  11 frilled lizards
  5 kobolds
  11 rats
535 creatures vanquished.

Vanquished Creatures (others)
  A vault guard (D:14)
  A human (D:14)
  An orc (D:11)
  A bush (Lair:6)
  13 fungi
  30 plants
47 creatures vanquished.

Grand Total: 582 creatures vanquished

Notes
Turn   | Place    | Note
-------+----------+-------------------------------------------
     0 | D:1      | gruber the Troll Fighter began the quest for the Orb.
     0 | D:1      | Reached XP level 1. HP: 22/22 MP: 0/0
   123 | D:1      | Reached XP level 2. HP: 29/29 MP: 1/1
   233 | D:1      | Reached skill level 3 in Unarmed Combat
   769 | D:2      | Found a faded altar of an unknown god.
   785 | D:2      | Noticed Terence
   797 | D:2      | Killed Terence
   798 | D:2      | Reached XP level 3. HP: 29/36 MP: 0/2
   927 | D:2      | Reached skill level 4 in Unarmed Combat
  1300 | D:2      | Reached XP level 4. HP: 42/44 MP: 3/3
  1450 | D:3      | Found a glowing drain.
  1462 | D:3      | Reached skill level 5 in Unarmed Combat
  1489 | Sewer    | Entered a sewer
  1498 | Sewer    | Reached XP level 5. HP: 50/50 MP: 4/4
  1981 | D:3      | Reached skill level 6 in Unarmed Combat
  2075 | D:3      | Noticed Sigmund
  2078 | D:3      | You fall into a shaft and drop 3 floors!
  2079 | D:6      | Noticed an orc warrior
  2079 | D:6      | Noticed a necrophage
  2102 | D:6      | Killed a necrophage
  2103 | D:6      | Reached XP level 6. HP: 59/59 MP: 5/5
  2107 | D:6      | Noticed Duvessa
  2110 | D:6      | Noticed Dowan
  2114 | D:5      | Entered Level 5 of the Dungeon
  2189 | D:5      | Found a hide-covered altar of Uskayaw.
  2197 | D:5      | Found Caint's Armour Shop.
  2269 | D:5      | Found a radiant altar of Vehumet.
  2274 | D:5      | Reached skill level 7 in Unarmed Combat
  2279 | D:5      | Found a staircase to the Ecumenical Temple.
  2287 | D:5      | Noticed a water moccasin
  2289 | Temple   | Entered the Ecumenical Temple
  2474 | Temple   | Became a worshipper of Gozag Ym Sagoz the Greedy
  2498 | D:5      | Killed a water moccasin
  2499 | D:5      | Reached XP level 7. HP: 66/66 MP: 4/6
  2541 | D:5      | Found Piocs's Book Shoppe.
  2582 | D:5      | Reached skill level 8 in Unarmed Combat
  2769 | D:5      | Found Paib's Magic Scroll Boutique.
  3010 | D:5      | Found Mec Bon's Book Emporium.
  3069 | D:5      | Reached skill level 9 in Unarmed Combat
  3093 | D:5      | Found Jijywey's Antique Armour Boutique.
  3329 | D:4      | Reached XP level 8. HP: 67/75 MP: 7/7
  3947 | D:3      | Killed Sigmund
  3948 | D:3      | Reached skill level 5 in Fighting
  4847 | D:6      | Killed Duvessa
  4853 | D:6      | Killed Dowan
  5015 | D:6      | Reached XP level 9. HP: 81/92 MP: 8/8
  5050 | D:6      | Noticed Pikel
  5085 | D:6      | Killed Pikel
  5296 | D:6      | Found a shimmering blue altar of Sif Muna.
  5386 | D:7      | Noticed a two-headed ogre
  5420 | D:7      | Killed a two-headed ogre
  5701 | D:7      | Reached skill level 10 in Unarmed Combat
  6007 | D:7      | Reached XP level 10. HP: 100/107 MP: 9/9
  6029 | D:7      | Found a basalt altar of Yredelemnul.
  6494 | D:8      | Found Nanow's Weapon Boutique.
  6514 | D:8      | Found Cock's Mayhem Merchandise.
  6536 | D:8      | Reached skill level 5 in Dodging
  7555 | D:9      | Found a sacrificial altar of Ru.
  7622 | D:9      | Noticed a two-headed ogre
  7629 | D:9      | Killed a two-headed ogre
  8247 | D:9      | Found a hazy altar of Hepliaklqana.
  8356 | D:10     | Entered Level 10 of the Dungeon
  8383 | D:10     | Reached XP level 11. HP: 115/115 MP: 10/10
  8462 | D:10     | Noticed a two-headed ogre
  8493 | D:10     | Killed a two-headed ogre
  8579 | D:10     | Noticed a two-headed ogre
  8594 | D:10     | Killed a two-headed ogre
  8602 | D:10     | Reached skill level 5 in Shields
  8731 | D:10     | Noticed a two-headed ogre
  8738 | D:10     | Killed a two-headed ogre
  9027 | D:11     | Noticed a sun demon
  9276 | D:11     | Found a staircase to the Orcish Mines.
  9404 | D:11     | Found a staircase to the Lair.
 10111 | D:12     | Reached XP level 12. HP: 107/123 MP: 11/11
 10488 | D:12     | Noticed a four-headed hydra
 10559 | Lair:1   | Entered Level 1 of the Lair of Beasts
 10593 | Lair:1   | Reached skill level 1 in Throwing
 10745 | Lair:1   | Noticed Gastronok
 10764 | Lair:1   | Killed Gastronok
 10832 | Lair:1   | Noticed a seven-headed hydra
 11110 | Lair:2   | Noticed a catoblepas
 11144 | Lair:2   | Killed a catoblepas
 11145 | Lair:2   | Reached skill level 5 in Throwing
 11231 | Lair:2   | Noticed a catoblepas
 11234 | Lair:2   | Noticed an eight-headed hydra
 11266 | Lair:2   | Killed a 16-headed hydra
 11314 | Lair:2   | Killed a catoblepas
 11457 | Lair:2   | Noticed a five-headed hydra
 11470 | Lair:2   | Killed a nine-headed hydra
 12317 | Lair:1   | Killed a seven-headed hydra
 12710 | Lair:3   | Reached XP level 13. HP: 131/131 MP: 12/12
 12907 | Lair:3   | Noticed Urug
 12925 | Lair:3   | Killed Urug
 13480 | Lair:4   | Reached skill level 11 in Unarmed Combat
 13564 | Lair:4   | Found a staircase to the Snake Pit.
 13861 | Lair:4   | Found the +0 pair of fencer's gloves {Riposte Dex+3}
 14138 | Lair:4   | Reached skill level 12 in Unarmed Combat
 14267 | Lair:4   | Found a staircase to the Shoals.
 14905 | Lair:4   | Reached skill level 13 in Unarmed Combat
 15342 | Lair:5   | Found a blossoming altar of Fedhas.
 15551 | Lair:5   | Found a staircase to the Slime Pits.
 15552 | Lair:5   | Found a viscous altar of Jiyva.
 15617 | Lair:5   | Reached skill level 14 in Unarmed Combat
 15891 | Lair:6   | Entered Level 6 of the Lair of Beasts
 15917 | Lair:6   | Noticed Sonja
 15926 | Lair:6   | Killed Sonja
 15972 | Lair:6   | Reached XP level 14. HP: 140/140 MP: 13/13
 16538 | Lair:6   | Reached skill level 15 in Unarmed Combat
 17900 | D:12     | Reached skill level 1 in Evocations
 18384 | Lair:4   | Identified 2 scrolls of acquirement
 18389 | Lair:4   | Acquired a scarf of resistance
 18390 | Lair:4   | Acquired a manual of Maces & Flails
 19167 | D:13     | Found Etoul's Assorted Antiques.
 19385 | D:14     | Found a portal to a secret trove of treasure.
 19824 | D:14     | Reached skill level 10 in Shields
 20241 | D:14     | Found a gate to the Vaults.
 20284 | D:15     | Entered Level 15 of the Dungeon
 20388 | D:15     | Found a sparkling altar of Nemelex Xobeh.
 20564 | D:15     | Reached XP level 15. HP: 36/146 MP: 14/14
 21064 | D:15     | Identified the +7 flail "Gan Jiw" {freeze, Str+4 SInv}
 21121 | D:15     | Found a staircase to the Depths.
 21554 | D:15     | Reached skill level 1 in Maces & Flails
 21616 | D:15     | Bought the +4 skin of Zhor {*Englaciate rC+++ SInv} for
                  | 1529 gold pieces
 21616 | D:15     | Found the +4 skin of Zhor {*Englaciate rC+++ SInv}
 21812 | Shoals:1 | Entered Level 1 of the Shoals
 22046 | Shoals:1 | Reached skill level 1 in Armour
 22184 | Shoals:1 | HP: 4/146 [merfolk/+0 trident (14)]
 22189 | Shoals:1 | Slain by a merfolk

Illustrated notes

Levels and vault maps discovered:
D:1:      dpeg_arrival_boxorama, layout_basic
D:2:      layout_loops_ring, hellmonk_ecumenical_altar_lost_god, uniq_terence
D:3:      layout_loops_ring, gup_sewer_entry_glass, nrook_loot_triangle,
          amcnicky_mini_pool_small, uniq_sigmund
D:4:      layout_loops_corners, chequers_serial_rivers_micro_e
D:5:      layout_loops_corners, nicolae_uskayaw_dance_hall,
          nicolae_vehumet_altar_sigil, minmay_temple_entry_stoned_glass,
          serial_shops, kennysheep_little_box, shop, nicolae_shop_behind_doors,
          nicolae_shop_stone, nicolae_shop_window_shopping,
          chequers_serial_rivers_room_b
D:6:      layout_rooms, lemuel_blue_sif_altar, uniq_duvessa, uniq_pikel
D:7:      layout_loops_cross, nicolae_yredelemnul_corpse_copse,
          minmay_microvault
D:8:      layout_loops_ring, serial_shops, shop, minmay_splitting_lines,
          minmay_shop_mayhem
D:9:      layout_layer_cave, lemuel_round_altar, nicolae_ru_awakened_eye
D:10:     layout_roguey
D:11:     layout_basic, david_lair_shrubbed, erik_orc_4
D:12:     layout_big_octagon
D:13:     layout_loops_ring, serial_shops, nicolae_shop_window_shopping
D:14:     minmay_octagon_keep, layout_rooms, ximxim_vaults_locker_room,
          chequers_decorated_corner, enter_trove_2
D:15:     grunt_enter_depths_magical_seal, layout_irregular_city,
          nemelex_spade_bored_becter
Temple:   eino_temple_rhombus
Lair:1:   layout_long_grid, chequers_serial_rivers_small_3, lemuel_fruit_fields,
          infiniplex_staircase_pool, grunt_megastairs_3, uniq_gastronok
Lair:2:   layout_hall_layers, st_stairs_13
Lair:3:   layout_misc_corridors, chequers_serial_rivers_large_a, uniq_urug
Lair:4:   layout_roguey, minmay_shoals_entry_lonely_mermaid,
          minmay_snake_entry_six_corridors
Lair:5:   layout_misc_corridors, slime_altar_1, hangedman_tree_tricks
Lair:6:   minmay_lair_end_enchanted_forest, layout_cave_pods,
          serial_bayou_shore_a, lemuel_fruit_tree, uniq_sonja
Shoals:1: cheibrodos_shoals_oceanic_diplomacy, layout_shoals

Skill      XL: |  1  2  3  4  5  6  7  8  9 10 11 12 13 14 15 |
---------------+----------------------------------------------+-----
Unarmed Combat | 3 4 5 6 7 9 10 14 15 | 15.4
Fighting       | 3 6 9 |  9.0
Dodging        | 3 8 |  8.3
Shields        | 8 9 10 12 | 12.0
Throwing       | 7 9 |  9.0
Evocations     | 4 |  4.0
Maces & Flails | 4 |  4.1
Armour         | 2 |  2.8
Short Blades   | |  0.8
Long Blades    | |  0.2
Axes           | |  0.2
Polearms       | |  0.3
Staves         | |  0.8
Bows           | |  0.1
Crossbows      | |  0.1
Conjurations   | |  0.1
Hexes          | |  0.2
Summonings     | |  0.3
Necromancy     | |  0.2
Translocations | |  0.1
Transmutations | |  0.1
Fire Magic     | |  0.1
Ice Magic      | |  0.1
Air Magic      | |  0.1
Earth Magic    | |  0.2
Poison Magic   | |  0.3
Invocations    | |  0.7

Action                   |  1- 3 |  4- 6 |  7- 9 | 10-12 | 13-15 || total
-------------------------+-------+-------+-------+-------+-------++-------
Melee: Unarmed           |    86 |    87 |   262 |   695 |  1063 ||  2193
       Scimitar          |       |       |       |       |     6 ||     6
Throw: Javelin           |       |       |     1 |    19 |    51 ||    71
Invok: Potion Petition   |       |       |       |       |     2 ||     2
       Call Merchant     |       |       |       |       |     3 ||     3
Evoke: Wand              |       |       |       |     1 |     6 ||     7
       Lightning rod     |       |       |       |     1 |     8 ||     9
  Use: Scroll            |       |       |       |       |    22 ||    22
       Potion            |       |       |       |       |     2 ||     2
 Stab: Sleeping          |       |     2 |     1 |       |     1 ||     4
       Distracted        |       |       |     2 |     2 |     2 ||     6
       Paralysed         |       |       |       |    10 |     4 ||    14
       Petrified         |       |       |       |     7 |       ||     7
Armor: Robe              |    33 |    27 |    57 |   111 |   149 ||   377
       Animal skin       |       |       |       |       |     5 ||     5
Dodge: Dodged            |    25 |    35 |   122 |   434 |   484 ||  1100
Block: Kite shield       |    45 |    33 |   101 |   369 |   342 ||   890
       Tower shield      |       |       |       |       |   407 ||   407
       Rpst.: Scimitar   |       |       |       |       |     1 ||     1

Table legend: (Time is in decaauts)
 A = Elapsed time spent in this place.
 B = Non-inter-level travel time spent in this place.
 C = Inter-level travel time spent in this place.
 D = Time resting spent in this place.
 E = Time spent auto-exploring this place.
 F = Levels seen in this place.
 G = Mean time per level.
                   A        B        C        D        E       F      G
               +--------+--------+--------+--------+--------+-----+--------+
         Total |  22079 |  20865 |   1214 |     88 |  15983 |  24 |  920.0 |
       Dungeon |  13709 |  13066 |    643 |     37 |   9963 |  15 |  913.9 |
        Temple |    201 |    170 |     31 |      0 |    168 |   1 |  201.0 |
          Lair |   7408 |   6868 |    540 |     43 |   5356 |   6 | 1234.7 |
        Shoals |    388 |    388 |      0 |      8 |    252 |   1 |  388.0 |
         Sewer |    372 |    372 |      0 |      0 |    243 |   1 |  372.0 |
               +--------+--------+--------+--------+--------+-----+--------+

Top non-repeatable levels by time:
  Lair:6: 1832 daAuts
  Lair:4: 1734 daAuts
     D:9: 1349 daAuts
    D:15: 1329 daAuts
  Lair:2: 1255 daAuts
     D:5: 1177 daAuts
    D:11: 1131 daAuts
    D:12: 1114 daAuts
  Lair:1: 1006 daAuts
     D:7: 973 daAuts
     D:4: 960 daAuts
    D:14: 882 daAuts
  Lair:5: 832 daAuts
     D:1: 770 daAuts
     D:3: 754 daAuts
